 Dungeon Crawl Stone Soup version 0.25-a0-435-g4b9beb1 (webtiles) character file.

Game seed: 3897079656355304601, levelgen mode: deterministic

805 AngryBottledMilk the Chopper (level 7, 0/62 HPs)
             Began as a Minotaur Fighter on Jan 27, 2020.
             Was an Initiate of Qazlal.
             Slain by an orc warrior
             ... wielding a +0 glaive
              (24 damage)
             ... on level 5 of the Dungeon.
             The game lasted 00:10:09 (4452 turns).

AngryBottledMilk the Chopper (Minotaur Fighter)     Turns: 4452, Time: 00:10:09

Health: 0/62       AC:  7    Str: 27    XL:     7   Next: 60%
Magic:  6/6        EV:  8    Int:  5    God:    Qazlal [......]
Gold:   372        SH: 10    Dex: 10    Spells: 6/6 levels left

rFire    . . .     SeeInvis .   a - +0 war axe
rCold    . . .     Gourm    .   c - +0 shield
rNeg     . . .     Faith    .   b - +0 scale mail
rPois    .         Spirit   .   (helmet restricted)
rElec    .         Reflect  .   (no cloak)
rCorr    .         Harm     .   (no gloves)
MR       .....                  (no boots)
Stlth    ..........             (no amulet)
HPRegen  0.20/turn              (no ring)
MPRegen  0.10/turn              (no ring)

@: mighty, heavily drained
A: retaliatory headbutt, horns 2
a: Renounce Religion


You were on level 5 of the Dungeon.
You worshipped Qazlal.
Qazlal was noncommittal.
You were not hungry.

You visited 2 branches of the dungeon, and saw 6 of its levels.

You collected 372 gold pieces.

Inventory:

Hand Weapons
 a - a +0 war axe (weapon)
Missiles
 u - 12 poisoned darts (quivered)
Armour
 b - a +0 scale mail (worn)
 c - a +0 shield (worn)
Jewellery
 s - an uncursed ring of resist corrosion
Scrolls
 g - 2 scrolls of remove curse
 h - 2 scrolls of noise
 i - a scroll of fear {unknown}
 l - 6 scrolls of identify {unknown}
 o - a scroll of teleportation {unknown}
 p - a scroll of immolation {unknown}
 r - 2 scrolls of magic mapping {unknown}
 t - 4 scrolls of enchant weapon {unknown}
 v - 2 scrolls of enchant armour {unknown}
Potions
 e - 2 potions of agility
 j - a potion of resistance {unknown}
 k - 2 potions of curing {unknown}
 m - a potion of flight {unknown}
 n - a potion of lignification {unknown}
 q - a potion of haste
 w - a potion of invisibility {unknown}
 z - 2 potions of brilliance {unknown}
Comestibles
 f - 5 rations
 x - 11 chunks of flesh


   Skills:
 + Level 5.7(4.3) Fighting
 + Level 6.5(5.1) Axes
 + Level 5.8(4.4) Armour
 + Level 1.7(0.5) Dodging
 + Level 0.3(0.0) Stealth
 + Level 5.8(4.4) Shields


You had 6 spell levels left.
You didn't know any spells.
Your spell library was empty.

Dungeon Overview and Level Annotations

Branches:
Dungeon (5/15)             Temple (1/1) D:4

Altars:
Ashenzari
Dithmenos
Elyvilon
Fedhas
Gozag
Hepliaklqana
Kikubaaqudgha
Qazlal
Ru
Trog
Uskayaw
Vehumet
Xom
Yredelemnul
Zin
The Shining One


Innate Abilities, Weirdness & Mutations

You reflexively headbutt those who attack you in melee.
You have a pair of horns on your head.


Message History

You block the orc warrior's attack.
You hit the orc warrior but do no damage.
Your headbutt misses the orc warrior.
The orc warrior hits you with a +0 glaive!
You barely miss the orc warrior.
The orc warrior hits you with a +0 glaive!
You barely miss the orc warrior. You headbutt the orc warrior.
The orc warrior is lightly wounded.
The orc warrior hits you with a +0 glaive.
You hit the orc warrior. Your headbutt misses the orc warrior.
The orc warrior is moderately wounded.
The orc warrior hits you with a +0 glaive!
You are too injured to fight recklessly!
You are too injured to fight recklessly!
You feel very mighty all of a sudden. You block the orc warrior's attack.
Okay, then.
The orc warrior barely misses you.
The orc warrior hits you from afar with a +0 glaive!!
You die...

...####.##...# #....####
#.......############.##....#
#..###..# ##).....)......#
##...# # #))##.....###..#
##.#.#..#####..###.####....#
.....#.>.......#.### #..#..#
###..##.#......#..###..# .#
###..# +......(.......# #
.....#..#......#@##.8.#
...............#..o...#
####.##........##.8.##.# #
...........####...# #
.#.#......# .### ..+......#
.# #......# ##


You could see an orc warrior.

Vanquished Creatures
  A phantom (D:4)
  2 ogres (D:4)
  A necrophage (D:5)
  A scorpion (D:4)
  2 hounds
  3 orc priests
  A centaur skeleton (D:4)
  A bullfrog skeleton (D:4)
  An orc wizard (D:5)
  6 adders
  2 adder skeletons
  5 worms
  4 dart slugs
  4 leopard geckos
  7 orcs
  5 giant cockroaches
  7 hobgoblins
  9 jackals
  6 kobolds
  3 quokkas
  A ball python (D:4)
  10 bats
  3 frilled lizards
  12 goblins
  9 rats
106 creatures vanquished.

Notes
Turn   | Place    | Note
-------+----------+-------------------------------------------
     0 | D:1      | AngryBottledMilk the Minotaur Fighter began the quest for
                  | the Orb.
     0 | D:1      | Reached XP level 1. HP: 19/19 MP: 0/0
   108 | D:1      | Reached XP level 2. HP: 26/27 MP: 1/1
   512 | D:2      | Reached XP level 3. HP: 33/33 MP: 2/2
   519 | D:2      | Reached skill level 3 in Axes
   653 | D:2      | Found a hazy altar of Hepliaklqana.
   943 | D:2      | Reached XP level 4. HP: 40/41 MP: 3/3
  1235 | D:2      | You fall into a shaft and drop 2 floors!
  1295 | D:3      | Reached skill level 4 in Axes
  1681 | D:3      | Reached XP level 5. HP: 36/47 MP: 4/4
  1779 | D:3      | Found a sacrificial altar of Ru.
  2569 | D:4      | Found a staircase to the Ecumenical Temple.
  2625 | Temple   | Entered the Ecumenical Temple
  2897 | Temple   | Became a worshipper of Qazlal Stormbringer
  2910 | D:4      | Reached skill level 5 in Shields
  2974 | D:4      | Noticed an ogre
  2981 | D:4      | Killed an ogre
  2981 | D:4      | Reached skill level 5 in Axes
  2981 | D:4      | Reached XP level 6. HP: 22/55 MP: 5/5
  3097 | D:4      | Reached skill level 5 in Fighting
  3097 | D:4      | Reached skill level 1 in Dodging
  3447 | D:4      | Reached skill level 5 in Armour
  3783 | D:4      | Reached XP level 7. HP: 57/61 MP: 6/6
  3870 | D:4      | Reached skill level 6 in Axes
  4025 | D:5      | Entered Level 5 of the Dungeon
  4452 | D:5      | Slain by an orc warrior

Levels and vault maps discovered:
D:1:      beargit_arrival_greenhouse, layout_rooms
D:2:      layout_rooms, old_standard_altar, lemuel_flame_loot_1
D:3:      layout_basic, nicolae_ru_path_of_blood, first_ration
D:4:      layout_basic, minmay_temple_entry_grid, serial_glass, glass_columns_a,
          glass_columns_b, due_unseen_surprise, minmay_strange_pillars
D:5:      layout_basic, guppyfry_early_orc_mine
Temple:   eino_narrow_crystal_temple

Skill      XL: |  1  2  3  4  5  6  7 |
---------------+----------------------+-----
Fighting       | 4 5 |  5.7
Shields        | 4 5 |  5.8
Armour         | 4 5 |  5.8
Axes           | 3 4 5 6 |  6.5
Dodging        | 1 |  1.7
Stealth        | |  0.3

Action                   |  1- 3 |  4- 6 |  7- 9 || total
-------------------------+-------+-------+-------++-------
Melee: War axe           |    87 |   140 |    41 ||   268
       Headbutt          |    13 |    23 |    10 ||    46
  Use: Scroll            |       |     3 |       ||     3
       Potion            |       |       |     2 ||     2
  Eat: Chunk             |       |     6 |       ||     6
       Ration            |       |     1 |     1 ||     2
Armor: Scale mail        |    40 |    61 |    16 ||   117
Dodge: Dodged            |    22 |    26 |    12 ||    60
Block: Shield            |    47 |    81 |    24 ||   152

Table legend:
 A = Non-vault XP
 B = Vault XP
 C = Vault XP percentage of total XP
 D = Non-vault monster count
 E = Vault monster count
 F = Vault count percentage of total count
                 A         B        C        D         E       F
            +---------+---------+-------+---------+---------+-------
      Total |    1065 |      85 |   7.4 |     101 |       5 |   4.7
            +---------+---------+-------+---------+---------+-------
        D:1 |      36 |       0 |   0.0 |      22 |       0 |   0.0
        D:2 |     101 |       0 |   0.0 |      33 |       0 |   0.0
        D:3 |     114 |       0 |   0.0 |      24 |       0 |   0.0
        D:4 |     635 |       0 |   0.0 |      17 |       0 |   0.0
        D:5 |     179 |      85 |  32.2 |       5 |       5 |  50.0
            +---------+---------+-------+---------+---------+-------
